 Dungeon Crawl Stone Soup version 0.30-a0-1103-g25895a7845 (webtiles) character file.

Game seed: 2937280236988215961

3089 senseless the Conjurer (level 9, -2/51 HPs)
             Began as an Octopode Conjurer on Apr 18, 2023.
             Was a Follower of the Shining One.
             Slain by a sleepcap (6 damage)
             ... on level 6 of the Dungeon.
             The game lasted 00:24:17 (7230 turns).

senseless the Conjurer (Octopode Conjurer)          Turns: 7230, Time: 00:24:18

Health: -2/51      AC:  1    Str:  7    XL:     9   Next: 89%
Magic:  27/27      EV: 13    Int: 30    God:    the Shining One [*.....]
Gold:   266        SH:  5    Dex: 10    Spells: 2/20 levels left

rFire   + . .      SeeInvis +    n - staff of cold
rCold   + + .      Faith    .    j - +1 buckler
rNeg    . . .      Spirit   .    (helmet restricted)
rPois   .          Reflect  .    (no amulet)
rElec   .          Rampage  .    h - ring of see invisible
rCorr   .                        g - +6 ring of intelligence
Will    .....                    r - ring of protection from fire
Stlth   ++                       w - ring of magical power
HPRegen 0.28/turn                b - ring of protection from cold
MPRegen 0.20/turn                (no ring)
                                 (no ring)
                                 (no ring)

@: glowing
A: almost no armour, amphibious, 8 rings, camouflage 1, gelatinous body 1,
(nimble swimmer 1), tentacles
a: Renounce Religion, Divine Shield


You were on level 6 of the Dungeon.
You worshipped the Shining One.
The Shining One was aware of your devotion.
You visited 1 branch of the dungeon, and saw 8 of its levels.

You collected 266 gold pieces.

Inventory:

Hand Weapons
 i - a +2 rapier of protection
 t - a +2 whip of flaming
 C - a +3 flail of freezing
Missiles
 y - a throwing net
Armour
 j - a +1 buckler (worn)
Magical Staves
 n - a staff of cold (weapon)
Jewellery
 b - a ring of protection from cold (on tentacle)
 g - a +6 ring of intelligence (right tentacle)
 h - a ring of see invisible (left tentacle)
 r - a ring of protection from fire (on tentacle)
 w - a ring of magical power (on tentacle)
Wands
 u - a wand of roots (7)
Scrolls
 d - 2 scrolls of blinking
 k - 2 scrolls of fear
Potions
 a - 2 potions of magic
 c - a potion of ambrosia
 e - 4 potions of lignification {unknown}
 f - a potion of brilliance
 l - a potion of resistance
 m - 2 potions of attraction
 o - 2 potions of might {unknown}
 p - a potion of cancellation
 v - a potion of curing {unknown}
 x - a potion of mutation {unknown}


   Skills:
 + Level 5.0 Dodging
 + Level 7.1 Stealth
 + Level 3.7 Shields
 * Level 6.1 Spellcasting
 * Level 7.4 Conjurations
 + Level 3.7 Hexes
 + Level 2.7 Translocations
 + Level 3.8 Ice Magic


You had 2 spell levels left.
You knew the following spells:

 Your Spells              Type           Power      Damage    Failure   Level
a - Magic Dart            Conj           100%       1d8       1%          1
b - Searing Ray           Conj           100%       2d8       1%          2
c - Dazzling Flash        Conj/Hex       84%        N/A       1%          3
d - Fulminant Prism       Conj/Hex       21%        3d12      7%          4
e - Iskenderun's Mystic   Conj/Tloc      39%        2d9       9%          4
f - Frozen Ramparts       Ice            96%        1d15      4%          3
g - Freeze                Ice            100%       1d10      1%          1

Your spell library contained the following spells:

 Spells                   Type           Power      Damage    Failure   Level
 Apportation              Tloc           50%        N/A       2%          1
 Static Discharge         Conj/Air       62%        2-5/arc   2%          2
 Beastly Appendage        Tmut           18%        N/A       7%          1
 Sublimation of Blood     Necr           9%         N/A       11%         2
 Wereblood                Tmut           9%         N/A       11%         2
 Hailstorm                Conj/Ice       59%        3d13      1%          3
 Spider Form              Tmut/Pois      9%         N/A       21%         3
 Irradiate                Conj/Tmut      15%        3d16      38%         5
 Airstrike                Air            4%         2d(1-17)  56%         4
 Animate Dead             Necr           9%         N/A       56%         4
 Petrify                  Tmut/Erth      9%         N/A       56%         4
 Summon Lightning Spire   Summ/Air       9%         N/A       56%         4
 Alistair's Intoxication  Tmut/Pois      6%         N/A       88%         5
 Haunt                    Necr/Summ      4%         N/A       100%        7
 Infestation              Necr           4%         N/A       100%        8


Dungeon Overview and Level Annotations

Branches:
Dungeon (8/15)             Temple (0/1) D:6
   Lair: D:8-11

Altars:
Dithmenos
Fedhas
Ru
Vehumet
Yredelemnul
The Shining One


Innate Abilities, Weirdness & Mutations

You cannot wear most types of armour.
You are amphibious.
You can wear up to eight rings at the same time.
Your skin changes colour to match your surroundings (Stealth+).
Your rubbery body absorbs attacks. (AC +1, EV +1)
((You are camouflaged when in or above water. (Stealth+)))
You have tentacles for arms and can constrict up to eight enemies at once.


Message History

The sleepcap completely misses you.
You're too confused to cast spells.
Okay, then.
You release your grip on the sleepcap.
The sleepcap attacks as you move away! The sleepcap misses you.
You feel less invigorated.
You feel less confused.
You hit the sleepcap. You grab the sleepcap.
The sleepcap is severely damaged.
You constrict the sleepcap, but do no damage.
The sleepcap misses you.
You hit the sleepcap.
The sleepcap is severely damaged.
You constrict the sleepcap, but do no damage.
The sleepcap closely misses you.
You hit the sleepcap but do no damage.
The sleepcap is severely damaged.
You constrict the sleepcap. The sleepcap releases spores at you!
* * * LOW HITPOINT WARNING * * *
The sleepcap releases spores at you but does no damage.
You completely miss the sleepcap.
The sleepcap is severely damaged.
You constrict the sleepcap, but do no damage.
The sleepcap closely misses you.
You hit the sleepcap.
You squeeze the sleepcap, but do no damage.
The sleepcap is almost destroyed.
You constrict the sleepcap, but do no damage.
The sleepcap releases spores at you.
* * * LOW HITPOINT WARNING * * *
You are engulfed in a cloud of soporific spores!
You fall asleep.
You lose your grip on the sleepcap.
The sleepcap releases spores at you!
You wake up.
* * * LOW HITPOINT WARNING * * *
You hit the sleepcap but do no damage. You grab the sleepcap.
The sleepcap is almost destroyed.
You constrict the sleepcap, but do no damage.
The sleepcap releases spores at you.
You die...

#..# ##.### #...###
#.....### ..
##.......# #..
##.......... #..#
###.......##..
....##.............
.......@..........
###....f..........
###...............
.........####.....
........## .....
........# ....#
........) ...#
.......... .##
...........


You could see a sleepcap.

Vanquished Creatures
  Pikel (D:4)
  Eustachio (D:4)
  Duvessa (D:4)
  2 orc warriors (D:8)
  A sky beast (D:6)
  A black bear (D:5)
  An ice beast (D:8)
  3 ogres
  3 centaurs
  A lemure (D:4)
  4 phantoms
  2 kobold brigands (D:8)
  2 scorpions
  5 wights (D:8)
  Dowan (D:4)
  3 hounds
  3 gnoll boudas (D:8)
  A jelly (D:5)
  Crazy Yiuf (D:5)
  A sleepcap (D:5)
  3 iguanas
  11 gnolls
  4 adders
  A white imp (D:5)
  An ufetubus (D:3)
  4 worms
  A dart slug (D:3)
  6 orcs
  4 bats
  7 endoplasms
  7 giant cockroaches
  6 goblins
  6 hobgoblins
  2 jackals (D:1)
  4 quokkas
  5 ball pythons
  A frilled lizard (D:2)
  5 kobolds
  2 rats (D:2)
118 creatures vanquished.

Vanquished Creatures (others)
  5 fungi (D:8)
  11 plants (D:8)
16 creatures vanquished.

Grand Total: 134 creatures vanquished

Notes
Turn   | Place    | Note
-------+----------+-------------------------------------------
     0 | D:1      | senseless the Octopode Conjurer began the quest for the
                  | Orb.
     0 | D:1      | Reached XP level 1. HP: 11/11 MP: 3/3
   117 | D:1      | Reached XP level 2. HP: 3/17 MP: 0/5
   410 | D:1      | Reached XP level 3. HP: 21/21 MP: 0/6
   413 | D:1      | Learned a level 2 spell: Searing Ray
  1518 | D:2      | Reached XP level 4. HP: 18/27 MP: 1/7
  1653 | D:2      | Learned a level 3 spell: Dazzling Flash
  2850 | D:3      | Found a sacrificial altar of Ru.
  3210 | D:4      | Noticed a lemure
  3319 | D:4      | Noticed a scorpion
  3327 | D:4      | Killed a scorpion
  3328 | D:4      | Reached XP level 5. HP: 31/31 MP: 1/9
  3408 | D:4      | Noticed a phantom
  3414 | D:4      | Killed a phantom
  3415 | D:4      | Reached XP level 6. HP: 36/36 MP: 3/10
  3481 | D:4      | Found a radiant altar of Vehumet.
  3691 | D:4      | Noticed Eustachio
  3726 | D:4      | Reached skill level 1 in Hexes
  3726 | D:4      | Reached skill level 1 in Ice Magic
  3850 | D:4      | Found a blossoming altar of Fedhas.
  3856 | D:4      | Found a basalt altar of Yredelemnul.
  3860 | D:4      | Found a shadowy altar of Dithmenos.
  3934 | D:4      | Killed Eustachio
  3935 | D:4      | Reached skill level 1 in Shields
  3935 | D:4      | Reached skill level 5 in Conjurations
  4083 | D:4      | Noticed Pikel
  4105 | D:4      | Killed Pikel
  4106 | D:4      | Reached skill level 5 in Stealth
  4106 | D:4      | Reached XP level 7. HP: 31/41 MP: 0/13
  4106 | D:4      | Reached XP level 8. HP: 35/46 MP: 0/14
  4280 | D:4      | Found a glowing golden altar of the Shining One.
  4286 | D:4      | Became a worshipper of the Shining One
  4289 | D:4      | Noticed Dowan
  4291 | D:4      | Noticed Duvessa
  4316 | D:4      | Killed Duvessa
  4319 | D:4      | Killed Dowan
  4634 | D:4      | Learned a level 4 spell: Fulminant Prism
  4639 | D:4      | Learned a level 4 spell: Iskenderun's Mystic Blast
  4640 | D:5      | Entered Level 5 of the Dungeon
  4813 | D:5      | Found a runed translucent door.
  4814 | D:5      | Noticed Crazy Yiuf
  4822 | D:5      | Killed Crazy Yiuf
  5599 | D:5      | Reached skill level 1 in Translocations
  5829 | D:5      | Reached skill level 5 in Spellcasting
  6128 | D:6      | Found a staircase to the Ecumenical Temple.
  6215 | D:6      | You fall into a shaft and drop 2 floors!
  6249 | D:8      | Reached XP level 9. HP: 41/51 MP: 16/16
  6513 | D:8      | Reached * piety under the Shining One
  7067 | D:6      | Learned a level 3 spell: Frozen Ramparts
  7069 | D:6      | Learned a level 1 spell: Freeze
  7207 | D:6      | Reached skill level 5 in Dodging
  7214 | D:6      | The Shining One protects you from harm!
  7230 | D:6      | Slain by a sleepcap

Illustrated notes

Levels and vault maps discovered:
D:1:      saegor_arrival_simple_c, layout_basic
D:2:      layout_loops_corners
D:3:      layout_rooms, hangedman_ru_absence
D:4:      layout_basic, mainiacjoe_overflow_concentric_impassable,
          grunt_temple_overflow_diamond, old_standard_altar, grunt_ministairs_2,
          serial_bayou_ford_a, uniq_duvessa, uniq_pikel, uniq_eustachio
D:5:      layout_basic, uniq_crazy_yiuf_cottage
D:6:      layout_layer_cave, temple_statues, minmay_quadrilaterals
D:7:      layout_gridville, nicolae_elemental_shop,
          chequers_serial_rivers_micro_b, grunt_decor_arrowhead,
          nicolae_underground_beach
D:8:      kennysheep_seaside_town, layout_basic, okawaru_trees_2, sigmund_army

Skill      XL: |  1  2  3  4  5  6  7  8  9 |
---------------+----------------------------+-----
Stealth        | 3 4 5 6 7 |  7.1
Dodging        | 3 4 5 |  5.0
Spellcasting   | 3 4 5 6 |  6.1
Hexes          | 2 3 |  3.7
Ice Magic      | 2 3 |  3.8
Shields        | 2 3 |  3.7
Conjurations   | 5 6 7 |  7.4
Translocations | 1 2 |  2.7

Action                     |  1- 3 |  4- 6 |  7- 9 || total
---------------------------+-------+-------+-------++-------
  Melee: Unarmed           |    11 |       |       ||    11
         Constrict         |     4 |    10 |    18 ||    32
         Tentacles         |     3 |    14 |    15 ||    32
         Spear             |     7 |    10 |       ||    17
         Staff             |       |    23 |    12 ||    35
         Rapier            |       |     9 |    34 ||    43
         Punch             |       |     1 |     1 ||     2
   Cast: Magic Dart        |    58 |    75 |    84 ||   217
         Searing Ray       |       |     8 |    27 ||    35
         Iskenderun's Myst |       |       |     2 ||     2
         Frozen Ramparts   |       |       |     1 ||     1
    Use: Scroll            |       |    10 |     8 ||    18
         Potion            |       |     2 |     1 ||     3
 Armour: Skin              |     3 |     2 |     9 ||    14
  Dodge: Dodged            |     7 |    50 |    50 ||   107
  Block: Buckler           |       |     4 |    19 ||    23

Table legend: (Time is in decaauts)
 A = Elapsed time spent in this place.
 B = Non-inter-level travel time spent in this place.
 C = Inter-level travel time spent in this place.
 D = Time resting spent in this place.
 E = Time spent auto-exploring this place.
 F = Levels seen in this place.
 G = Mean time per level.
                   A        B        C        D        E       F      G
               +--------+--------+--------+--------+--------+-----+--------+
         Total |   7245 |   6670 |    575 |    240 |   5560 |   8 |  905.6 |
       Dungeon |   7245 |   6670 |    575 |    240 |   5560 |   8 |  905.6 |
               +--------+--------+--------+--------+--------+-----+--------+

Top non-repeatable levels by time:
     D:4: 1512 daAuts
     D:2: 1375 daAuts
     D:5: 1342 daAuts
     D:1: 1152 daAuts
     D:8: 793 daAuts
     D:3: 669 daAuts
     D:6: 397 daAuts
     D:7: 2 daAuts
